 Dungeon Crawl Stone Soup version 0.23-a0-419-g0174fd8 (webtiles) character file.

10485 PinkShoes the Spear-Bearer (level 11, 0/83 HPs)
             Began as a Formicid Venom Mage on Nov 13, 2018.
             Was a Follower of Cheibriados.
             Slain by a steam dragon (4 damage)
             ... on level 11 of the Dungeon.
             The game lasted 00:34:25 (13737 turns).

PinkShoes the Spear-Bearer (Formicid Venom Mage)   Turns: 13737, Time: 00:34:26

Health: 0/83       AC:  9    Str: 19    XL:     11   Next: 93%
Magic:  31/31      EV: 11    Int: 16    God:    Cheibriados [*.....]
Gold:   831        SH:  4    Dex: 14    Spells: 11/25 levels left

rFire    + . .     SeeInvis +   a - +10 halberd of Dust {chop, rElec MR- SInv}
rCold    . . .     Gourm    .   K - +0 buckler
rNeg     . . .     Faith    .   F - +3 leather armour {rF+}
rPois    +         Spirit   .   (helmet unavailable)
rElec    +         Reflect  .   x - +0 cloak
rCorr    .         Harm     .   H - +0 pair of gloves
MR       .....                  (no boots)
Stlth    ++........             d - amulet of magic regeneration
HPRegen  0.23/turn              l - ring of magical power
MPRegen  0.47/turn              y - ring of poison resistance

@: studying Poison Magic, very slow
A: permanent stasis, dig shafts and tunnels, four strong arms, antennae 3, dopey
1, evolution 1
a: Dig, Shaft Self, Bend Time, Renounce Religion


You were on level 11 of the Dungeon.
You worshipped Cheibriados.
Cheibriados was aware of your devotion.
You were not hungry.

You visited 2 branches of the dungeon, and saw 12 of its levels.
You also visited: Sewer.

You collected 906 gold pieces.
You spent 75 gold pieces at shops.

Inventory:

Hand Weapons
 a - the +10 halberd of Dust (weapon) {chop, rElec MR- SInv}
   (You found it on level 6 of the Dungeon)

   It inflicts extra damage upon your enemies.
   It insulates you from electricity.
   It affects your resistance to hostile enchantments.
   It lets you see invisible.
 o - the +2 bardiche of Destiny {pain, -Tele rPois MR+ Int+5 Dex-2}
   (You found it on level 7 of the Dungeon)

   In the hands of one skilled in necromantic magic, it inflicts extra damage on
   living creatures.
   It affects your intelligence (+5).
   It affects your dexterity (-2).
   It protects you from poison.
   It affects your resistance to hostile enchantments.
   It prevents most forms of teleportation.
 T - a +2 short sword of draining
 U - a +2 short sword of draining
 V - a +0 dagger
Missiles
 w - 7 tomahawks of dispersal (quivered)
 I - 7 javelins
 W - a throwing net
Armour
 x - a +0 cloak (worn)
 A - a +2 robe of magic resistance
 F - a +3 leather armour of fire resistance (worn)
 H - a +0 pair of gloves (worn)
 K - a +0 buckler (worn)
Jewellery
 d - an amulet of magic regeneration (around neck)
 l - a ring of magical power (left hand)
 y - a ring of poison resistance (right hand)
 C - a +4 ring of dexterity
 M - an uncursed ring of ice
 N - an uncursed ring of fire
 P - an uncursed ring of protection from fire
Wands
 g - a wand of paralysis (27)
 r - a wand of digging (3)
 v - a wand of polymorph (6)
 z - a wand of enslavement (9)
 B - a wand of random effects (28)
 L - a wand of acid (23)
 Q - a wand of iceblast (12)
 S - a wand of disintegration (15)
Scrolls
 e - a scroll of immolation {unknown}
 i - 4 scrolls of magic mapping
 j - 6 scrolls of fog
 m - 2 scrolls of remove curse
 p - 3 scrolls of fear
 s - 3 scrolls of enchant weapon
 t - 3 scrolls of enchant armour {unknown}
 u - 4 scrolls of amnesia
 D - 2 scrolls of random uselessness
Potions
 f - 2 potions of heal wounds
 h - a potion of lignification {unknown}
 k - 2 potions of cancellation
 n - a potion of berserk rage {unknown}
 q - 2 potions of flight {unknown}
 E - a potion of agility {unknown}
 G - 4 potions of curing
 J - 2 potions of resistance {unknown}
 O - 3 potions of might
 R - a potion of mutation
Books
 b - a manual of Poison Magic
Comestibles
 c - 27 rations


   Skills:
 - Level 6.7 Fighting
 - Level 2.0 Short Blades
   Level 0.7(2.4) Maces & Flails
 + Level 9.4(9.7) Polearms
   Level 3.7(7.1) Staves
 - Level 8.2 Armour
 - Level 1.7 Dodging
 - Level 2.4 Stealth
 * Level 1.3 Shields
 - Level 7.5 Spellcasting
 * Level 3.2 Conjurations
 * Level 2.8 Fire Magic
 - Level 2.0 Air Magic
 - Level 8.0 Poison Magic
 - Level 2.9 Invocations


You had 11 spell levels left.
You knew the following spells:

 Your Spells              Type           Power        Failure   Level  Hunger
a - Sting                 Conj/Pois      ###.         1%          1    None
b - Poisonous Vapours     Pois/Air       ###...       3%          2    None
c - Olgreb's Toxic Radia  Pois           ####....     6%          4    ####...
d - Iskenderun's Mystic   Conj           ###.....     41%         4    ####...
e - Conjure Flame         Conj/Fire      ###.....     14%         3    ##.....

Your spell library contained the following spells:

 Spells                   Type           Power        Failure   Level  Hunger
 Magic Dart               Conj           ###.         4%          1    None
 Searing Ray              Conj           ###...       7%          2    None
 Throw Flame              Conj/Fire      ###...       8%          2    None
 Mephitic Cloud           Conj/Pois/Air  ###.....     9%          3    ##.....
 Confusing Touch          Hex            #.....       17%         1    None
 Summon Small Mammal      Summ           #...         17%         1    None
 Call Imp                 Summ           #.......     26%         2    None
 Dazzling Spray           Conj/Hex       ##....       26%         3    ##.....
 Sticky Flame             Conj/Fire      ###.....     43%         4    ####...
 Venom Bolt               Conj/Pois      ###.......   43%         5    #####..
 Call Canine Familiar     Summ           #.......     45%         3    ##.....
 Confuse                  Hex            #.......     45%         3    ##.....
 Gell's Gravitas          Tloc           #.........   45%         3    ##.....
 Summon Guardian Golem    Hex/Summ       #.......     45%         3    ##.....
 Force Lance              Conj/Tloc      ##......     65%         4    ####...
 Fulminant Prism          Conj/Hex       ##........   65%         4    ####...
 Summon Lightning Spire   Summ/Air       #.......     75%         4    ####...
 Petrify                  Tmut/Erth      #.......     86%         4    ####...
 Summon Ice Beast         Ice/Summ       #.......     86%         4    ####...
 Metabolic Englaciation   Hex/Ice        #.........   99%         5    #####..
 Yara's Violent Unravell  Hex/Tmut       #.........   99%         5    #####..
 Bolt of Fire             Conj/Fire      ###.......   100%        6    #######


Dungeon Overview and Level Annotations

Branches:
Dungeon (11/15)            Temple (1/1) D:4             Orc (0/2) D:10
   Lair: D:8-11

Altars:
Ashenzari
Cheibriados
Dithmenos
Elyvilon
Fedhas
Gozag
Hepliaklqana
Kikubaaqudgha
Makhleb
Nemelex Xobeh
Okawaru
Qazlal
Ru
Sif Muna
Trog
Uskayaw
Vehumet
Wu Jian
Xom
Yredelemnul
Zin
The Shining One

Shops:
D:5 [   D:11 !

Annotations:
D:3 3 runed doors, James's ghost, amateur FoAK
D:8 1 runed door, Somebody's ghost, novice DsVM
D:9 1 runed door, HydraWiggins's ghost, novice TrAE


Innate Abilities, Weirdness & Mutations

You cannot be hasted, slowed, berserked, paralysed or teleported.
You can dig through walls and to a lower floor.
Your four strong arms can wield two-handed weapons with a shield.
You have a pair of large antennae on your head. (SInv)
You are dopey. (Int -2)
You evolve.


Message History

The magic dart hits you!
The four-headed hydra barely misses you.
The four-headed hydra bites you! The four-headed hydra bites you.
The four-headed hydra bites you but does no damage.
The steam dragon breathes steam at you. The ball of steam hits you! You resist.
* * * LOW HITPOINT WARNING * * *
Are you sure you want to shaft yourself?
You feel quite a bit more hungry.
The orc wizard is engulfed in a cloud of scalding steam.
The orc wizard barely misses you.
The four-headed hydra is engulfed in a cloud of scalding steam.
The four-headed hydra bites you!
* * * LOW HITPOINT WARNING * * *
The four-headed hydra bites you!
* * * LOW HITPOINT WARNING * * *
You block the four-headed hydra's attack.
The four-headed hydra bites you but does no damage.
The steam dragon barely misses you. The steam dragon claws you.
You die...

..#<##.####.####.#.# #..P.P...P.
).#....####.####...###......P.P.P
.......................P.P[####PP
####.#.##########.###.....P# #P.
####.#.# #.####.P...+ {#.P
.......# #..###..P.P# #.P
.......# ####...≈≈...P. .P.
......########.§§D.≈≈≈≈..
......#........§@o.≈≈≈≈..
......#.###.#.###D.≈≈≈O..
....≈≈#.# #.#.# #)≈≈≈≈..#
..≈≈≈≈≈.###.#.# #...#...#
≈≈≈≈≈≈≈.....#.. ..#.# ..#
≈≈≈≈≈≈≈.####### #.#.# .#
≈≈###.......# o.#.. # ≈≈#
#...###.# #.##.. #.# #(..# #.#
...


You could see a four-headed hydra, a steam dragon, an ogre and an orc wizard.

Vanquished Creatures
  Harold (D:10)
  2 two-headed ogres (D:8)
  The ghost of soark the Destroyer, a journeyman DECj of Vehumet (D:10)
  A manticore (D:11)
  Psyche (D:8)
  Joseph (D:8)
  A kobold demonologist (D:10)
  3 hippogriffs (D:10)
  Sigmund (D:5)
  2 wyverns (D:8)
  A spriggan (D:7)
  Grum (D:8)
  Duvessa (D:5)
  An orc warrior (D:6)
  An eye of draining (D:10)
  2 porcupines (D:11)
  A black bear (D:10)
  2 sky beasts
  4 ogres
  4 wolves (D:8)
  2 centaurs
  16 big kobolds
  3 bullfrogs
  Dowan (D:5)
  4 scorpions
  4 killer bees (D:7)
  4 wights (D:10)
  An electric eel (D:11)
  3 howler monkeys
  2 centaur zombies
  7 crimson imps
  A quasit (D:9)
  A centaur skeleton (D:4)
  3 jellies
  Crazy Yiuf (D:3)
  6 orc priests
  A hound (D:10)
  2 orc wizards
  Jessica (D:3)
  2 iguanas
  10 worker ants
  A killer bee zombie (D:9)
  A hound skeleton (D:5)
  A mummy (D:9)
  A worker ant zombie (D:8)
  A howler monkey skeleton (D:6)
  3 river rats (Sewer)
  13 adders
  4 oozes
  2 adder skeletons
  An adder zombie (D:8)
  6 worms
  2 dart slugs (D:1)
  6 leopard geckos
  17 orcs
  9 ball pythons
  2 giant cockroaches
  4 goblins
  5 hobgoblins
  4 jackals (D:4)
  5 quokkas
  A ball python skeleton (D:4)
  2 bats
  5 frilled lizards
  A jackal zombie (D:5)
  12 kobolds
  A quokka skeleton (D:8)
  3 quokka zombies
  4 rats
224 creatures vanquished.

Vanquished Creatures (others)
  A komodo dragon (D:11)
  An orc (D:11)
  A fungus (D:8)
  A plant (D:8)
4 creatures vanquished.

Grand Total: 228 creatures vanquished

Notes
Turn   | Place    | Note
-------+----------+-------------------------------------------
     0 | D:1      | PinkShoes the Formicid Venom Mage began the quest for the
                  | Orb.
     0 | D:1      | Reached XP level 1. HP: 13/13 MP: 3/3
   117 | D:1      | Reached XP level 2. HP: 6/19 MP: 1/5
   741 | D:1      | Learned a level 2 spell: Poisonous Vapours
  1644 | D:2      | Reached XP level 3. HP: 24/24 MP: 6/6
  1828 | D:2      | Reached skill level 5 in Poison Magic
  2537 | D:3      | Reached skill level 1 in Air Magic
  2831 | D:3      | Noticed Jessica
  2837 | D:3      | Killed Jessica
  2837 | D:3      | Reached XP level 4. HP: 31/31 MP: 2/8
  2929 | D:3      | Found a runed door.
  2986 | D:3      | Reached skill level 1 in Fighting
  3279 | D:3      | Reached XP level 5. HP: 37/37 MP: 9/9
  3462 | D:3      | Found a runed gate.
  3462 | D:3      | Found a runed gate.
  3462 | D:3      | Found a runed gate.
  3467 | D:3      | Noticed James's ghost (amateur FoAK)
  3504 | D:3      | Noticed Crazy Yiuf
  3532 | D:3      | Killed Crazy Yiuf
  3532 | D:3      | Reached skill level 1 in Armour
  3606 | D:4      | Found a shattered altar of Ashenzari.
  3734 | D:4      | Found an iron altar of Okawaru.
  3767 | D:4      | Found a staircase to the Ecumenical Temple.
  3849 | Temple   | Entered the Ecumenical Temple
  3990 | D:4      | Reached XP level 6. HP: 39/43 MP: 10/10
  4002 | D:4      | Learned a level 4 spell: Olgreb's Toxic Radiance
  4089 | D:4      | Found a hide-covered altar of Uskayaw.
  4291 | D:5      | Entered Level 5 of the Dungeon
  4335 | D:5      | Reached skill level 1 in Staves
  4435 | D:5      | Reached XP level 7. HP: 5/49 MP: 11/11
  4823 | D:5      | Noticed Sigmund
  4833 | D:5      | Killed Sigmund
  4981 | D:5      | Found a glowing silver altar of Zin.
  4982 | D:5      | Found a shadowy altar of Dithmenos.
  5158 | D:5      | Found a shattered altar of Ashenzari.
  5216 | D:5      | Found a blossoming altar of Fedhas.
  5226 | D:5      | Found Myoffeck's Armour Shop.
  5315 | D:5      | Noticed Dowan
  5315 | D:5      | Noticed Duvessa
  5332 | D:5      | Killed Duvessa
  5332 | D:5      | Reached XP level 8. HP: 15/56 MP: 9/13
  5339 | D:5      | Killed Dowan
  5857 | D:5      | Found a hazy altar of Hepliaklqana.
  6102 | D:6      | Found an ancient bone altar of Kikubaaqudgha.
  6112 | D:6      | Reached skill level 1 in Short Blades
  6112 | D:6      | Reached skill level 5 in Armour
  6201 | D:6      | Found a basalt altar of Yredelemnul.
  6259 | D:6      | Found a glowing drain.
  6281 | Sewer    | Entered a sewer
  6752 | Sewer    | Reached XP level 9. HP: 56/64 MP: 16/16
  6852 | Sewer    | Reached skill level 5 in Spellcasting
  7209 | D:6      | Found a shimmering altar of Xom.
  7304 | D:6      | Got a translucent halberd
  7305 | D:6      | Identified the +10 halberd of Dust {chop, rElec MR- SInv}
                  | (You found it on level 6 of the Dungeon)
  7446 | D:6      | Found a radiant altar of Vehumet.
  7451 | D:6      | Reached skill level 1 in Polearms
  7572 | D:6      | Reached skill level 2 in Polearms
  8233 | D:7      | Reached skill level 3 in Polearms
  8672 | D:7      | Got a fine bardiche
  8673 | D:7      | Identified the +2 bardiche of Destiny {pain, -Tele rPois
                  | MR+ Int+5 Dex-2} (You found it on level 7 of the Dungeon)
  8976 | D:7      | Reached skill level 5 in Fighting
  9051 | D:7      | Reached skill level 4 in Polearms
  9381 | D:8      | Reached XP level 10. HP: 74/74 MP: 18/18
  9388 | D:8      | Noticed a two-headed ogre
  9393 | D:8      | Killed a two-headed ogre
  9393 | D:8      | Reached skill level 5 in Polearms
  9490 | D:8      | Reached skill level 6 in Polearms
  9519 | D:8      | Noticed Grum
  9528 | D:8      | Killed Grum
  9531 | D:8      | Noticed Joseph
  9541 | D:8      | Killed Joseph
  9953 | D:8      | Reached skill level 7 in Polearms
 10089 | D:8      | Found a runed door.
 10126 | D:8      | Noticed Somebody's ghost (novice DsVM)
 10146 | D:8      | Learned a level 4 spell: Iskenderun's Mystic Blast
 10151 | D:8      | Noticed Psyche
 10162 | D:8      | Killed Psyche
 10162 | D:8      | Reached skill level 1 in Conjurations
 10325 | D:8      | Noticed a two-headed ogre
 10332 | D:8      | Killed a two-headed ogre
 10332 | D:8      | Reached XP level 11. HP: 9/81 MP: 21/21
 10854 | D:8      | Found a stormy altar of Qazlal.
 10987 | D:9      | Gained mutation: You have large cloven feet. [potion of
                  | mutation]
 10987 | D:9      | Gained mutation: You are dopey. (Int -2) [potion of
                  | mutation]
 10987 | D:9      | Gained mutation: You evolve. [potion of mutation]
 11182 | D:9      | Found a snail-covered altar of Cheibriados.
 11192 | D:9      | Became a worshipper of Cheibriados the Contemplative
 11258 | D:9      | Identified the Tome of the Arsonist
 11417 | D:9      | Found a runed door.
 11417 | D:9      | Noticed HydraWiggins's ghost (novice TrAE)
 11417 | D:9      | Noticed a skeletal warrior
 11458 | D:9      | Reached skill level 8 in Polearms
 11468 | D:9      | Learned a level 3 spell: Conjure Flame
 11493 | D:10     | Entered Level 10 of the Dungeon
 11761 | D:10     | Noticed Harold
 11763 | D:10     | Found a staircase to the Orcish Mines.
 11771 | D:10     | Killed Harold
 11771 | D:10     | Reached skill level 1 in Fire Magic
 11771 | D:10     | Reached skill level 1 in Invocations
 12037 | D:10     | Noticed soark's ghost (journeyman DECj)
 12038 | D:10     | Found a runed gate.
 12038 | D:10     | Found a runed gate.
 12038 | D:10     | Found a runed gate.
 12150 | D:10     | Reached * piety under Cheibriados
 12644 | D:10     | Killed soark's ghost
 12644 | D:10     | Reached skill level 9 in Polearms
 12961 | D:11     | Lost mutation: You have large cloven feet. [evolution]
 13081 | D:11     | Found Weng's Distillery.
 13084 | D:11     | Bought a potion of heal wounds for 75 gold pieces
 13440 | D:11     | Noticed a manticore
 13450 | D:11     | Killed a manticore
 13450 | D:11     | Reached skill level 1 in Shields
 13732 | D:11     | Noticed a four-headed hydra
 13737 | D:11     | HP: 4/83 [four-headed hydra (13)]
 13737 | D:11     | Slain by a steam dragon

Vault maps used:
D:1:      dpeg_arrival_rooms_a
D:3:      first_ration, ebering_ghost_rock_garden, uniq_crazy_yiuf_cottage,
          uniq_jessica
D:4:      overflow_temple_1_default, evilmike_ruin_ashenzari,
          minmay_temple_entry_nine_rooms, kennysheep_okawaru_gauntlet
D:5:      fedhas_altar_1, marbit_many_paths, gammafunk_temple_overflow_statue,
          serial_shops, nicolae_shop_statue_plus, basic_altar, st_stairs_4,
          abandoned_shop, uniq_sigmund, uniq_duvessa
D:6:      lemuel_round_altar, kennysheep_mini_moat, brannock_xom_greatest_gift,
          vehumet_crystals, cheibrodos_sewer_entry_drain
D:7:      the_bakery, kennysheep_generic_room_14
D:8:      nicolae_qazlal_general_emergency, ebering_ghost_funeral_grove,
          uniq_joseph, uniq_grum, uniq_psyche
D:9:      slow_altar_2, ebering_ghost_inner_flame, lemuel_old_faithful
D:10:     lemuel_flame_loot_2, orc_0_dummy, gammafunk_ghost_nasty_kobolds,
          uniq_harold
D:11:     grunt_lair_entry_orc_guard_hut, serial_shops, shop, shop,
          nicolae_shop_statue_plus, shop, minmay_misc_feat_cross
Temple:   dpeg_three_leaves_temple
Sewer:    sewer_co_tree

Skill      XL: |  1  2  3  4  5  6  7  8  9 10 11 |
---------------+----------------------------------+-----
Poison Magic   | 5 6 7 8 |  8.0
Air Magic      | 1 2 |  2.0
Fighting       | 1 2 3 5 6 |  6.7
Armour         | 2 3 4 5 6 7 8 |  8.2
Spellcasting   | 3 4 5 6 7 |  7.5
Staves         | 2 3 |  3.7
Short Blades   | 2 |  2.0
Polearms       | 4 7 9 |  9.4
Conjurations   | 1 3 |  3.2
Fire Magic     | 2 |  2.8
Invocations    | 2 |  2.9
Shields        | 1 |  1.3
Maces & Flails | |  0.7
Dodging        | |  1.7
Stealth        | |  2.4

Action                   |  1- 3 |  4- 6 |  7- 9 | 10-12 || total
-------------------------+-------+-------+-------+-------++-------
Melee: Club              |   124 |    37 |       |       ||   161
       Unarmed           |     1 |       |       |       ||     1
       Quarterstaff      |       |    70 |    36 |       ||   106
       Dagger            |       |       |    76 |       ||    76
       Trident           |       |       |   162 |       ||   162
       Halberd           |       |       |    76 |   258 ||   334
       Kick              |       |       |       |    29 ||    29
 Cast: Sting             |     9 |       |       |       ||     9
       Poisonous Vapours |     6 |     8 |    14 |       ||    28
       Olgreb's Toxic Ra |       |       |       |     2 ||     2
 Abil: Shaft Self        |       |       |       |     1 ||     1
  Use: Scroll            |       |       |    12 |     5 ||    17
       Potion            |       |       |     2 |     6 ||     8
 Stab: Sleeping          |     3 |       |     4 |     6 ||    13
  Eat: Chunk             |     3 |     6 |    17 |     6 ||    32
       Ration            |     1 |       |       |     2 ||     3
Armor: Robe              |    27 |       |    12 |       ||    39
       Ring mail         |    17 |    51 |       |       ||    68
       Leather armour    |       |       |   109 |    83 ||   192
Dodge: Dodged            |    93 |    86 |   180 |   114 ||   473
Block: Buckler           |       |       |       |    25 ||    25

Table legend:
 A = Non-vault XP
 B = Vault XP
 C = Vault XP percentage of total XP
 D = Non-vault monster count
 E = Vault monster count
 F = Vault count percentage of total count
                 A         B        C        D         E       F
            +---------+---------+-------+---------+---------+-------
      Total |    8466 |    6513 |  43.5 |     161 |      64 |  28.4
            +---------+---------+-------+---------+---------+-------
        D:1 |      24 |       0 |   0.0 |      12 |       0 |   0.0
        D:2 |      23 |       0 |   0.0 |       8 |       0 |   0.0
        D:3 |      57 |      78 |  57.8 |      16 |       2 |  11.1
        D:4 |     120 |       0 |   0.0 |      12 |       0 |   0.0
        D:5 |     379 |     522 |  57.9 |      17 |       6 |  26.1
        D:6 |     812 |       8 |   1.0 |      20 |       3 |  13.0
        D:7 |     852 |     275 |  24.4 |      19 |       3 |  13.6
        D:8 |    2638 |    1549 |  37.0 |      16 |       7 |  30.4
        D:9 |     295 |      18 |   5.8 |       7 |       1 |  12.5
       D:10 |    2126 |    3052 |  58.9 |      20 |      12 |  37.5
       D:11 |    1140 |     274 |  19.4 |      14 |       2 |  12.5
      Sewer |       0 |     737 | 100.0 |       0 |      28 | 100.0
            +---------+---------+-------+---------+---------+-------
